 Dungeon Crawl Stone Soup version 0.24-a0-507-g3e8b242632 (webtiles) character file.

Game seed: 3191130270083079980

65 forest the Sneak (level 3, -3/18 HPs)
             Began as a Spriggan Assassin on July 18, 2019.
             Slain by Sigmund
             ... wielding a +2 scythe of slicing
              (7 damage)
             ... on level 2 of the Dungeon.
             The game lasted 00:05:26 (2063 turns).

forest the Sneak (Spriggan Assassin)                Turns: 2063, Time: 00:05:27

Health: -3/18      AC:  3    Str:  8    XL:     3   Next: 94%
Magic:  4/4        EV: 18    Int: 12    God:
Gold:   51         SH:  0    Dex: 17    Spells: 2/2 levels left

rFire    . . .     SeeInvis +   p - +2 dagger (drain)
rCold    . . .     Gourm    .   (shield restricted)
rNeg     . . .     Faith    .   b - +0 robe
rPois    .         Spirit   .   (helmet restricted)
rElec    .         Reflect  .   c - +0 cloak
rCorr    .         Harm     .   (gloves unavailable)
MR       .....                  (boots unavailable)
Stlth    +++.......             (no amulet)
HPRegen  0.06/turn              k - +2 ring of evasion
MPRegen  0.09/turn              (no ring)

@: heavily drained, very quick
A: very small, unfitting armour, see invisible, herbivore, speed 3, slow
metabolism 2
a: no special abilities


You were on level 2 of the Dungeon.
You were not hungry.

You visited 1 branch of the dungeon, and saw 2 of its levels.

You collected 51 gold pieces.

Inventory:

Hand Weapons
 p - a +2 dagger of draining (weapon)
 s - a +1 dagger of holy wrath
Missiles
 d - 20 poisoned darts (quivered)
 e - 2 curare-tipped darts
 i - 52 stones
Armour
 b - a +0 robe (worn)
 c - a +0 cloak (worn)
Jewellery
 k - a +2 ring of evasion (left hand)
Scrolls
 a - 2 scrolls of blinking {unknown}
 g - a scroll of amnesia {unknown}
 l - a scroll of random uselessness {unknown}
 m - a scroll of identify {unknown}
 o - 2 scrolls of teleportation {unknown}
 q - a scroll of enchant weapon {unknown}
 r - a scroll of enchant armour {unknown}
Potions
 h - a potion of brilliance {unknown}
 j - a potion of flight {unknown}
 n - a potion of haste {unknown}
 t - a potion of agility {unknown}
Comestibles
 f - a ration


   Skills:
 + Level 1.9(0.6) Fighting
 + Level 3.0(1.6) Short Blades
 + Level 2.4(1.1) Throwing
 + Level 2.5(1.1) Dodging
 + Level 6.7(5.2) Stealth


You had 2 spell levels left.
You didn't know any spells.
Your spell library was empty.

Dungeon Overview and Level Annotations

Branches:
Dungeon (2/15)

Altars:
Vehumet

Annotations:
D:2 Sigmund


Innate Abilities, Weirdness & Mutations

You are very small and have problems with some larger weapons.
You are too small for most types of armour.
You have supernaturally acute eyesight. (SInv)
You are a herbivore.
You cover ground extremely quickly.
You need to consume almost no food.


Message History

Sigmund casts a spell at you.
You are confused.
You bump into the rock wall.
You bump into the rock wall.
Sigmund hits you but does no damage.
You bump into the rock wall.
Sigmund barely misses you.
You feel less confused.
You hit Sigmund.
Sigmund is heavily wounded.
Sigmund closely misses you.
You hit Sigmund.
Sigmund is heavily wounded.
You barely miss Sigmund.
Sigmund is heavily wounded.
Sigmund misses you.
You closely miss Sigmund.
Sigmund is heavily wounded.
You barely miss Sigmund.
Sigmund is heavily wounded.
Sigmund hits you with a +2 scythe of slicing!
You die...

# #### ## #.# ##.....
.># #.# .#..# #.# #.#
†...# #.# #.# .#..# #.#
#.# ##..# #.# #.#
#..######.######.#######
........................
.#.######.######@#######
............#.##@###
##.#######..#......#
#..#######..#.##.#.#
#.......)...#.##.#.#
#..#######.##.##(#.#
#..# #.##.##(#.# ...#
#)##.##.#.# ##.#
#)##.##(#.#


You could see Sigmund (invisible).

Vanquished Creatures
  An adder (D:2)
  2 oozes (D:2)
  A worm (D:2)
  A dart slug (D:2)
  2 leopard geckos (D:2)
  4 giant cockroaches
  9 goblins
  6 hobgoblins
  3 jackals
  A bat (D:1)
  A frilled lizard (D:2)
  2 kobolds
  4 rats
37 creatures vanquished.

Notes
Turn   | Place    | Note
-------+----------+-------------------------------------------
     0 | D:1      | forest the Spriggan Assassin began the quest for the Orb.
     0 | D:1      | Reached XP level 1. HP: 10/10 MP: 2/2
   343 | D:1      | Reached skill level 6 in Stealth
   706 | D:1      | Reached XP level 2. HP: 15/15 MP: 3/3
  1434 | D:2      | Reached XP level 3. HP: 14/18 MP: 4/4
  1694 | D:2      | Found a radiant altar of Vehumet.
  1999 | D:2      | Noticed Sigmund
  2063 | D:2      | Slain by Sigmund

Levels and vault maps discovered:
D:1:      nicolae_arrival_memento_mori, layout_basic, serial_forest,
          infiniplex_forest_clump_medium, infiniplex_forest_clump_diagonal,
          infiniplex_forest_clump_diagonal, infiniplex_forest_lined_ring,
          infiniplex_forest_lined_room_3, infiniplex_forest_clump_double,
          infiniplex_forest_straight_2
D:2:      kennysheep_the_goblin_king, layout_basic,
          nicolae_overflow_crystal_walls, minmay_box_of_dots, uniq_sigmund

Skill      XL: |  1  2  3 |
---------------+----------+-----
Stealth        | 6 |  6.7
Dodging        | 2 |  2.5
Short Blades   | 3 |  3.0
Fighting       | |  1.9
Throwing       | |  2.4

Action                   || total
-------------------------++-------
Melee: Dagger            ||   154
Throw: Dart              ||    23
  Use: Potion            ||     1
 Stab: Sleeping          ||     4
Armor: Robe              ||    20
Dodge: Dodged            ||   138

Table legend:
 A = Non-vault XP
 B = Vault XP
 C = Vault XP percentage of total XP
 D = Non-vault monster count
 E = Vault monster count
 F = Vault count percentage of total count
                 A         B        C        D         E       F
            +---------+---------+-------+---------+---------+-------
      Total |      63 |      31 |  33.0 |      27 |      10 |  27.0
            +---------+---------+-------+---------+---------+-------
        D:1 |      22 |       0 |   0.0 |      13 |       0 |   0.0
        D:2 |      41 |      31 |  43.1 |      14 |      10 |  41.7
            +---------+---------+-------+---------+---------+-------
